 Dungeon Crawl Stone Soup version 0.27-a0-732-ga892ba84f6 (webtiles) character file.

Game seed: 3525294366132552630

1803 tilp the Magician (level 9, -3/55 HPs)
             Began as a Djinni Fire Elementalist on Mar 23, 2021.
             Was a Priest of Hepliaklqana.
             Slain by an ogre
             ... wielding a +0 giant spiked club
              (14 damage)
             ... on level 7 of the Dungeon.
             The game lasted 00:24:25 (7313 turns).

tilp the Magician (Djinni Fire Elementalist)        Turns: 7313, Time: 00:24:25

Health: -3/55      AC:  6    Str:  7    XL:     9   Next: 9%
Magic:  0/0        EV: 12    Int: 21    God:    Hepliaklqana [***...]
Gold:   242        SH:  5    Dex: 13    Spells: 0/23 levels left

rFire    + + .     SeeInvis .   a - +1 spear (venom)
rCold    x . .     Faith    .   q - +0 buckler
rNeg     . . .     Spirit   .   w - +0 steam dragon scales
rPois    ∞         Reflect  .   (no helmet)
rElec    .         Harm     .   (no cloak)
rCorr    +         Rampage  .   g - +0 pair of gloves
Will     .....                  (boots unavailable)
Stlth    ++........             i - amulet of regeneration
HPRegen  1.18/turn              r - ring of resist corrosion
MPRegen  0.00/turn              (no ring)

@: weak-willed, flying
A: reduced essence, fire resistance 2, cold vulnerability 1, float, innate
caster, hp casting, extra vitality 1
a: Renounce Religion, Recall Ancestor, Ancestor Identity, Transference


You were on level 7 of the Dungeon.
You worshipped Hepliaklqana.
Hepliaklqana was most pleased with you.
You visited 1 branch of the dungeon, and saw 7 of its levels.

You collected 242 gold pieces.

Inventory:

Hand Weapons
 a - a +1 spear of venom (weapon)
 b - a +1 dire flail of holy wrath
Missiles
 c - 142 stones (quivered)
 v - 31 poisoned darts
Armour
 g - a +0 pair of gloves (worn)
 q - a +0 buckler (worn)
 w - +0 steam dragon scales (worn)
Jewellery
 i - an amulet of regeneration (around neck)
 r - a ring of resist corrosion (right hand)
Wands
 t - a wand of polymorph (7)
Scrolls
 d - a scroll of fear {unknown}
 e - a scroll of amnesia {unknown}
 h - a scroll of teleportation {unknown}
 j - a scroll of identify
 l - a scroll of brand weapon {unknown}
 n - a scroll of torment {unknown}
 u - a scroll of vulnerability
Potions
 f - a potion of haste
 k - 2 potions of berserk rage {unknown}
 m - a potion of mutation {unknown}
 o - 3 potions of heal wounds
 p - 3 potions of curing {unknown}
 s - a potion of lignification {unknown}


   Skills:
 - Level 4.0 Fighting
 - Level 2.1 Dodging
 - Level 4.0 Stealth
 - Level 4.0 Shields
 + Level 7.9 Spellcasting


You couldn't memorise any spells.
You knew the following spells:

 Your Spells              Type           Power      Damage    Failure   Level
a - Foxfire               Conj/Fire      100%       2x1d9     1%          1
b - Conjure Flame         Conj/Fire      41%        6-21      1%          3
c - Inner Flame           Hex/Fire       41%        N/A       1%          3
d - Sticky Flame          Conj/Fire      41%        2d6       3%          4
e - Fireball              Conj/Fire      20%        3d10      9%          5
f - Magic Dart            Conj           100%       1d8       1%          1
g - Searing Ray           Conj           82%        3d6       1%          2
h - Stone Arrow           Conj/Erth      82%        3d12      1%          3
i - Passage of Golubria   Tloc           N/A        N/A       3%          4
Your spell library was empty.

Dungeon Overview and Level Annotations

Branches:
Dungeon (7/15)             Temple (0/1) D:6

Altars:
Cheibriados
Fedhas
Gozag
Hepliaklqana
Makhleb
Trog
Yredelemnul

Shops:
D:3 (   D:4 *

Annotations:
D:4 3 runed translucent doors, Lanoc's ghost, amateur DESu
D:7 Joseph


Innate Abilities, Weirdness & Mutations

Your life essence is reduced to manifest your ancestor. (-10% HP)
You are immune to poison.
Your flesh is very heat resistant. (rF++)
You are vulnerable to cold. (rC-)
You float through the air rather than walking.
You learn spells naturally, not from books.
Your magical power is your life essence.
You have superior vitality. (+4 HP)


Message History

You kill the worker ant!
The foxfire hits the hobgoblin.
The hobgoblin is heavily wounded.
The hobgoblin hits you.
Unknown command.
Casting: Sticky Flame (dangerous; 3% risk of failure)
Confirm with . or Enter, or press ? or * to list all spells.
You conjure some foxfire!
The gnoll misses you.
The foxfire hits the ogre!
The ogre is moderately wounded.
The hobgoblin barely misses you. The gnoll barely misses you.
Unknown command.
Unknown command.
You hit the ogre.
The ogre is heavily wounded.
The gnoll hits you from afar with a +0 halberd.
The gnoll misses you. x2; The hobgoblin zaps a wand.
The puff of flame hits you. You resist.
Unknown command.
You hit the ogre.
The ogre is poisoned.
The ogre is severely wounded.
The gnoll misses you.
Joseph, a Mercenary comes into view.
He is wielding a +0 quarterstaff.
You block the gnoll's attack.
The ogre hits you with a +0 giant spiked club.
The hobgoblin hits you.
The gnoll hits you from afar with a +0 halberd.
The gnoll hits you from afar with a +0 halberd!
* * * LOW HITPOINT WARNING * * *
Reach: a) +1 spear (venom)
Press: ? - help, Dir - move target, f - gnoll
Aim: a gnoll, wielding a +0 halberd (inner flame, weak-willed, about 34% to evade your +1 spear of venom)
You reach to attack!
You hit the gnoll.
Flame seeps out of the gnoll.
The gnoll is poisoned.
The gnoll is moderately wounded.
The gnoll hits you with a +2 whip of pain.
* * * LOW HITPOINT WARNING * * *
You writhe in agony.
* * * LOW HITPOINT WARNING * * *
The ogre hits you with a +0 giant spiked club!
You die...

########
#@gg...##########
#gOg...@........##
#.g....########..#
#.....(# ##.#
######..## ####..
#....#..#######.#...
#.................##
#.......######..).)#
#................Z.)


You could see Joseph, an ogre (very poisoned, weak-willed), 4 gnolls and a
hobgoblin (weak-willed).

Vanquished Creatures
  Maggie (D:6)
  Edmund (D:4)
  2 orc warriors
  2 ogres
  A phantom (D:5)
  A scorpion (D:4)
  A water moccasin skeleton (D:5)
  A crimson imp (D:3)
  A centaur zombie (D:5)
  2 hounds
  2 centaur skeletons (D:6)
  An iguana (D:4)
  5 worker ants
  3 orc wizards (D:4)
  A hexer (D:7)
  A hound zombie (D:7)
  A hound skeleton (D:7)
  3 gnolls
  An ancestor (D:4)
  6 adders
  An ufetubus (D:7)
  3 worms
  A dart slug (D:1)
  13 orcs
  7 ball pythons
  A giant cockroach (D:2)
  4 hobgoblins
  A jackal (D:4)
  9 kobolds
  4 oozes
  5 quokkas
  5 bats
  5 frilled lizards
  5 goblins
  A quokka skeleton (D:4)
  5 rats
  A spectral orc (D:2)
108 creatures vanquished.

Vanquished Creatures (collateral kills)
  An ogre (D:6)
  A kobold brigand (D:7)
  A hound (D:7)
  A gnoll shaman (D:5)
  A hound skeleton (D:7)
  3 gnolls
  An adder (D:6)
  A shadow imp (D:6)
  A worm (D:3)
  A dart slug (D:5)
  4 orcs
  2 hobgoblins (D:3)
  3 jackals (D:4)
  An ooze (D:4)
  3 quokkas
  2 bats (D:3)
27 creatures vanquished.

Vanquished Creatures (others)
  2 ancestors (D:4)
  168 foxfires
  2 fungi (D:3)
  9 plants (D:2)
181 creatures vanquished.

Grand Total: 316 creatures vanquished

Notes
Turn   | Place    | Note
-------+----------+-------------------------------------------
     0 | D:1      | tilp the Djinni Fire Elementalist began the quest for the
                  | Orb.
     0 | D:1      | Reached XP level 1. HP: 15/15 MP: 0/0
   380 | D:1      | Reached skill level 3 in Spellcasting
   547 | D:1      | Reached XP level 2. HP: 18/21 MP: 0/0
  1100 | D:2      | Reached XP level 3. HP: 23/25 MP: 0/0
  1100 | D:2      | Learned a level 1 spell: Magic Dart
  1429 | D:2      | Reached skill level 4 in Spellcasting
  1484 | D:2      | Found a hazy altar of Hepliaklqana.
  1667 | D:2      | Reached XP level 4. HP: 24/31 MP: 0/0
  1925 | D:2      | Found a basalt altar of Yredelemnul.
  2352 | D:2      | Became a worshipper of Hepliaklqana the Forgotten
  2375 | D:3      | Found a blossoming altar of Fedhas.
  2455 | D:3      | Found Ylles's Weapon Emporium.
  2981 | D:3      | Found a burning altar of Makhleb.
  3002 | D:3      | Reached XP level 5. HP: 31/31 MP: 0/0
  3002 | D:3      | Learned a level 2 spell: Searing Ray
  3241 | D:4      | Reached skill level 5 in Spellcasting
  3277 | D:4      | Reached * piety under Hepliaklqana
  3282 | D:4      | Noticed Edmund
  3338 | D:4      | Killed Edmund
  3339 | D:4      | Reached XP level 6. HP: 29/36 MP: 0/0
  3429 | D:4      | Found Loysm's Mayhem Merchandise.
  3456 | D:4      | Reached skill level 6 in Spellcasting
  3581 | D:4      | Found a bloodstained altar of Trog.
  3635 | D:4      | Noticed Lanoc's ghost (amateur DESu)
  3643 | D:4      | Found a runed translucent gate.
  3643 | D:4      | Found a runed translucent gate.
  3643 | D:4      | Found a runed translucent gate.
  3650 | D:4      | Noticed an orc warrior
  3668 | D:4      | Killed an orc warrior
  3669 | D:4      | Reached skill level 1 in Fighting
  3669 | D:4      | Reached XP level 7. HP: 38/43 MP: 0/0
  3669 | D:4      | Learned a level 3 spell: Stone Arrow
  4763 | D:5      | Entered Level 5 of the Dungeon
  5148 | D:5      | Reached skill level 1 in Shields
  5148 | D:5      | Reached XP level 8. HP: 51/52 MP: 0/0
  5238 | D:5      | Reached ** piety under Hepliaklqana
  5239 | D:5      | Remembered your ancestor Servia as a hexer
  6343 | D:6      | Found a staircase to the Ecumenical Temple.
  6474 | D:6      | Noticed Maggie
  6546 | D:6      | Found an opulent altar of Gozag.
  6693 | D:6      | Found a snail-covered altar of Cheibriados.
  6869 | D:6      | Killed Maggie
  6870 | D:6      | Reached skill level 7 in Spellcasting
  7157 | D:7      | Reached *** piety under Hepliaklqana
  7273 | D:7      | Reached XP level 9. HP: 53/55 MP: 0/0
  7273 | D:7      | Learned a level 4 spell: Passage of Golubria
  7312 | D:7      | Noticed Joseph
  7313 | D:7      | Slain by an ogre

Illustrated notes

Levels and vault maps discovered:
D:1:      scummos_arrival_forest, layout_basic
D:2:      layout_basic, nicolae_hepliaklqana_hazy_memory,
          yredelemnul_forgotten_temple_becter, chequers_serial_rivers_micro_a
D:3:      layout_rooms, fedhas_altar_3, makhleb_grotto_becter, serial_shops,
          nicolae_shop_waterfront, serial_curves, eino_curves_04,
          eino_curves_01, eino_curves_02, chequers_serial_rivers_room_a
D:4:      layout_basic, bloody_trog, gammafunk_ghost_split,
          minmay_misc_feat_hallway, columned_hall_lemuel,
          hangedman_abyss_or_decor_stabs, minmay_shop_mayhem, uniq_edmund
D:5:      layout_loops_corners
D:6:      layout_gridville, lemuel_round_altar, minmay_temple_entry_trees,
          basic_altar, uniq_maggie
D:7:      layout_rooms, vehumet_altar_wand_db, doesnt_xom_only_xom, uniq_joseph

Skill      XL: |  1  2  3  4  5  6  7  8 |
---------------+-------------------------+-----
Spellcasting   | 3 4 5 6 7 |  7.9
Fighting       | 1 3 4 |  4.0
Stealth        | 2 3 4 |  4.0
Shields        | 1 4 |  4.0
Dodging        | |  2.1

Action                   |  1- 3 |  4- 6 |  7- 9 || total
-------------------------+-------+-------+-------++-------
Melee: Unarmed           |     9 |       |       ||     9
       Spear             |     7 |    99 |   111 ||   217
       Dire flail        |       |       |     6 ||     6
 Cast: Foxfire           |    41 |    16 |    46 ||   103
       Conjure Flame     |       |     1 |     1 ||     2
       Searing Ray       |       |     1 |       ||     1
       Inner Flame       |       |       |     8 ||     8
       Sticky Flame      |       |       |     3 ||     3
Invok: Ancestor Life: He |       |       |     1 ||     1
  Use: Scroll            |     1 |     2 |     2 ||     5
       Potion            |       |     3 |       ||     3
 Stab: Sleeping          |     1 |     7 |     1 ||     9
       Distracted        |       |     1 |     1 ||     2
       Confused          |       |       |     2 ||     2
Armor: Robe              |     8 |    16 |    13 ||    37
       Steam dragon scal |       |       |     6 ||     6
Dodge: Dodged            |    17 |    47 |    55 ||   119
Block: Buckler           |       |       |    18 ||    18

Table legend: (Time is in decaauts)
 A = Elapsed time spent in this place.
 B = Non-inter-level travel time spent in this place.
 C = Inter-level travel time spent in this place.
 D = Time resting spent in this place.
 E = Time spent auto-exploring this place.
 F = Levels seen in this place.
 G = Mean time per level.
                   A        B        C        D        E       F      G
               +--------+--------+--------+--------+--------+-----+--------+
         Total |   7332 |   7149 |    183 |    347 |   5838 |   7 | 1047.4 |
       Dungeon |   7332 |   7149 |    183 |    347 |   5838 |   7 | 1047.4 |
               +--------+--------+--------+--------+--------+-----+--------+

Top non-repeatable levels by time:
     D:4: 1687 daAuts
     D:2: 1279 daAuts
     D:5: 1215 daAuts
     D:6: 1158 daAuts
     D:1: 1093 daAuts
     D:3: 715 daAuts
     D:7: 183 daAuts
